 Dungeon Crawl Stone Soup version 0.31-a0-479-g91c9547826 (webtiles) character file.

Game seed: 4901762902790702799

6 Ethylacetat the Chopper (level 1, 0/11 HPs)
             Began as a Vine Stalker Monk on Aug 7, 2023.
             Slain by a goblin
             ... wielding a +0 dagger
              (2 damage)
             ... on level 1 of the Dungeon.
             The game lasted 00:00:19 (160 turns).

Ethylacetat the Chopper (Vine Stalker Monk)          Turns: 160, Time: 00:00:21

Health: 0/11       AC:  2    Str: 13    XL:     1   Next: 90%
Magic:  0/2        EV: 12    Int: 10    God:
Gold:   10         SH:  0    Dex: 16    Spells: 0/0 levels left

rFire   . . .        a - +0 hand axe
rCold   . . .        d - orb {light}
rNeg    . . .        b - +0 robe
rPois   .            (no helmet)
rElec   .            (no cloak)
rCorr   .            (no gloves)
SInv    .            (no boots)
Will    .....        (no amulet)
Stlth   +            (no ring)
HPRegen 0.21/turn    (no ring)
MPRegen 0.08/turn

%: guardian spirit
@: glowing
A: fangs 2, magic shield, antimagic bite, no potion heal 2
a: no special abilities


You were on level 1 of the Dungeon.
You visited 1 branch of the dungeon, and saw 1 of its levels.

You collected 10 gold pieces.

Inventory:

Hand Weapons
 a - a +0 hand axe (weapon)
Armour
 b - a +0 robe (worn)
 d - an orb of light (worn)
Potions
 c - a potion of ambrosia
 e - a potion of enlightenment {unknown}
 f - a potion of magic {unknown}


   Skills:
 + Level 2.8 Fighting
 * Level 2.9 Axes
 - Level 2.4 Dodging
 + Level 0.4 Spellcasting


You couldn't memorise any spells.
You didn't know any spells.
Your spell library contained the following spells:

 Spells                   Type           Power      Damage    Failure   Level
 Ozocubu's Armour         Ice            0%         N/A       73%         3
 Vhi's Electric Charge    Tloc/Air       0%         N/A       73%         3
 Arcjolt                  Conj/Air       0%         1d10      100%        5
 Plasma Beam              Fire/Air       0%         2x1d10    100%        6
 Ozocubu's Refrigeration  Ice            0%         4d7       100%        7


Dungeon Overview and Level Annotations

Branches:
Dungeon (1/15)

Altars:


Innate Abilities, Weirdness & Mutations

You have extremely sharp teeth.
When hurt, damage is shared between your health and your magic reserves.
Your bite disrupts and absorbs the magic of your enemies.
Potions cannot restore your health.


Message History

You hit the rat.
You kill the rat!
A hobgoblin comes into view.
The hobgoblin shouts!
You hear a shout!
The hobgoblin moves out of view.
No target in view!
No target in view!
A hobgoblin is nearby!
A goblin comes into view. It is wielding a +0 dagger.
The goblin shouts!
There are monsters nearby!
The hobgoblin hits you.
There are monsters nearby!
You barely miss the hobgoblin. Your bite misses the hobgoblin.
A bat comes into view.
The hobgoblin closely misses you.
A kobold comes into view. It is wielding a +3 short sword.
There are monsters nearby!
You hit the goblin.
The goblin is almost dead.
You hit the hobgoblin. The hobgoblin misses you.
The goblin hits you but does no damage.
There are monsters nearby!
You barely miss the goblin.
The goblin is almost dead.
You hit the hobgoblin. The bat hits you. The hobgoblin hits you.
The goblin hits you but does no damage.
There are monsters nearby!
You are too injured to fight recklessly!
There are monsters nearby!
You are too injured to fight recklessly!
You are too injured to fight recklessly!
You hit the bat.
You kill the bat!
You hit the goblin but do no damage. You hit the hobgoblin.
You kill the hobgoblin!
The goblin hits you with a +0 dagger.
* * * LOW HITPOINT WARNING * * *
The goblin hits you with a +0 dagger.
You die...

##..........#######
#.........##.##.#
#............##.#
#........###.##.#
#........# #....#
##...###### ######
##....# #.....#
#.#.@.# #+#g.†#
....... .....K.....
..............#
..............#
..............#
..............#


You could see a goblin and a kobold.

Vanquished Creatures
  A bat (D:1)
  3 hobgoblins (D:1)
  A frilled lizard (D:1)
  A kobold (D:1)
  3 rats (D:1)
9 creatures vanquished.

Notes
Turn   | Place    | Note
-------+----------+-------------------------------------------
     0 | D:1      | Ethylacetat the Vine Stalker Monk began the quest for the
                  | Orb.
     0 | D:1      | Reached XP level 1. HP: 11/11 MP: 2/2
   160 | D:1      | Slain by a goblin

Illustrated notes

Levels and vault maps discovered:
D:1:      shiori_arrival_maze, layout_basic

Action                     || total
---------------------------++-------
  Melee: Hand axe          ||    22
         Bite              ||     5
 Armour: Robe              ||     2
  Dodge: Dodged            ||    13

Table legend: (Time is in decaauts)
 A = Elapsed time spent in this place.
 B = Non-inter-level travel time spent in this place.
 C = Inter-level travel time spent in this place.
 D = Time resting spent in this place.
 E = Time spent auto-exploring this place.
 F = Levels seen in this place.
 G = Mean time per level.
                   A        B        C        D        E       F      G
               +--------+--------+--------+--------+--------+-----+--------+
         Total |    163 |    163 |      0 |      0 |    114 |   1 |  163.0 |
       Dungeon |    163 |    163 |      0 |      0 |    114 |   1 |  163.0 |
               +--------+--------+--------+--------+--------+-----+--------+

Top non-repeatable levels by time:
     D:1: 163 daAuts
